 Dungeon Crawl Stone Soup version 0.28-a0-938-gbc3f381ebc (webtiles) character file.

Game seed: 15184209363431058040

161 pokeman the Magician (level 5, -1/29 HPs)
             Began as a Deep Elf Hedge Wizard on Nov 28, 2021.
             Killed from afar by Ijyb (7 damage)
             ... with a puff of flame
             ... on level 4 of the Dungeon.
             The game lasted 00:06:59 (4144 turns).

pokeman the Magician (Deep Elf Hedge Wizard)        Turns: 4144, Time: 00:07:00

Health: -1/29      AC:  7    Str:  7    XL:     5   Next: 19%
Magic:  11/15      EV: 12    Int: 20    God:
Gold:   105        SH:  0    Dex: 14    Spells: 5/16 levels left

rFire   . . .      SeeInvis .   n - +0 quarterstaff (spect)
rCold   . . .      Faith    .   (shield currently unavailable)
rNeg    . . .      Spirit   .   c - +2 leather armour {Will+}
rPois   .          Reflect  .   b - +0 helmet
rElec   .          Harm     .   h - +0 cloak
rCorr   .          Rampage  .   (no gloves)
Will    +....                   (no boots)
Stlth   ++........              (no amulet)
HPRegen 0.09/turn               (no ring)
MPRegen 0.14/turn               (no ring)

@: no status effects
A: no striking features
a: no special abilities


You were on level 4 of the Dungeon.
You visited 1 branch of the dungeon, and saw 4 of its levels.

You collected 105 gold pieces.

Inventory:

Hand Weapons
 n - a +0 spectral quarterstaff (weapon)
Missiles
 f - 42 arrows
Armour
 b - a +0 helmet (worn)
 c - a +2 leather armour of willpower (worn)
 h - a +0 cloak (worn)
 k - a +0 tower shield
Scrolls
 a - 3 scrolls of identify {unknown}
 e - 2 scrolls of teleportation {unknown}
 j - a scroll of immolation {unknown}
 m - 4 scrolls of magic mapping {unknown}
Potions
 d - 3 potions of brilliance {unknown}
 g - a potion of magic {unknown}
 i - a potion of might {unknown}
 l - 2 potions of curing {unknown}


   Skills:
 - Level 1.0 Fighting
 - Level 1.0 Armour
 - Level 3.1 Dodging
 + Level 2.4 Stealth
 - Level 1.0 Shields
 * Level 6.1 Spellcasting
 + Level 2.6 Conjurations
 - Level 1.1 Summonings
 - Level 1.1 Translocations
 + Level 0.0 Fire Magic


You had 5 spell levels left.
You knew the following spells:

 Your Spells              Type           Power      Damage    Failure   Level
a - Magic Dart            Conj           64%        1d6       4%          1
b - Mephitic Cloud        Conj/Pois/Air  9%         N/A       32%         3
c - Call Imp              Summ           10%        N/A       14%         2
d - Blink                 Tloc           20%        N/A       14%         2
e - Conjure Flame         Conj/Fire      11%        6-21      26%         3

Your spell library contained the following spells:

 Spells                   Type           Power      Damage    Failure   Level
 Slow                     Hex            24%        N/A       16%         1


Dungeon Overview and Level Annotations

Branches:
Dungeon (4/15)
 Temple: D:4-7

Altars:
Dithmenos
Kikubaaqudgha
Xom

Annotations:
D:4 Duvessa, Ijyb


Message History

You see here a giant cockroach corpse.
m - 4 scrolls labelled DOYSOM WAPAPH (gained 1)
Found a shadowy altar of Dithmenos.
Found 18 stones.
A hobgoblin comes into view.
Casting: Magic Dart (safe; 4% risk of failure)
Confirm with . or Enter, or press ? or * to list all spells.
Aiming: Magic Dart (safe; 4% risk of failure)
Press: ? - help, Shift-Dir - straight line, f - hobgoblin
Aim: a hobgoblin (asleep, 100% to hit)
The magic dart hits the hobgoblin.
The hobgoblin is heavily wounded.
The hobgoblin shouts!
Casting: Magic Dart (safe; 4% risk of failure)
Confirm with . or Enter, or press ? or * to list all spells.
Aiming: Magic Dart (safe; 4% risk of failure)
Press: ? - help, Shift-Dir - straight line, f/p - hobgoblin
Aim: a hobgoblin (heavily wounded, 100% to hit)
The magic dart hits the hobgoblin.
You kill the hobgoblin!
Casting: Magic Dart (safe; 4% risk of failure)
Confirm with . or Enter, or press ? or * to list all spells.
You can't see any susceptible monsters within range! (Use Z to cast anyway.) Unknown command.
Casting: Magic Dart (safe; 4% risk of failure)
Confirm with . or Enter, or press ? or * to list all spells.
You can't see any susceptible monsters within range! (Use Z to cast anyway.) Unknown command.
Ijyb the Twisted Goblin comes into view.
She is wielding a +0 club and carrying a wand of flame (18).
Ijyb zaps a wand.
The puff of flame hits you.
You see here 18 stones.
Casting: Magic Dart (safe; 4% risk of failure)
Confirm with . or Enter, or press ? or * to list all spells.
The spell is quite dangerous to cast (26% risk of failure)!
Continue anyway?
The fire begins to smoulder!
Ijyb zaps a wand.
The puff of flame hits you!
Ijyb zaps a wand.
The puff of flame misses you.
The fire ignites!
Ijyb zaps a wand.
The puff of flame hits you!
* * * LOW HITPOINT WARNING * * *
Ijyb zaps a wand.
The puff of flame hits you!
You die...

.. # .# ### ##. .# #.#
#.## .# #####.# #..# .#
#.....# #.#<
.###.##..###.##
...########.##...##....†.†
.....g.§.@.##.....##.##.##
...#######.#.......#.##...
#....._.....#####
###.......### ##.....##
##...## ##.## ..# ..


You could see Ijyb.

Vanquished Creatures
  A hound (D:4)
  2 adders
  A shadow imp (D:3)
  A worm (D:2)
  A dart slug (D:1)
  5 orcs (D:3)
  4 ball pythons
  4 bats
  9 endoplasms
  2 giant cockroaches
  15 goblins
  6 hobgoblins
  5 jackals
  7 kobolds
  A quokka (D:2)
  8 frilled lizards
  7 rats
79 creatures vanquished.

Vanquished Creatures (collateral kills)
  Robin (D:2)
  A kobold (D:2)
2 creatures vanquished.

Grand Total: 81 creatures vanquished

Notes
Turn   | Place    | Note
-------+----------+-------------------------------------------
     0 | D:1      | pokeman the Deep Elf Hedge Wizard began the quest for the
                  | Orb.
     0 | D:1      | Reached XP level 1. HP: 10/10 MP: 7/7
   323 | D:1      | Reached XP level 2. HP: 16/16 MP: 7/9
   715 | D:1      | Reached skill level 5 in Spellcasting
   979 | D:1      | Reached XP level 3. HP: 20/20 MP: 5/11
   983 | D:1      | Learned a level 3 spell: Mephitic Cloud
   986 | D:1      | Learned a level 2 spell: Call Imp
   989 | D:1      | Learned a level 2 spell: Blink
   993 | D:1      | Learned a level 3 spell: Conjure Flame
  1313 | D:2      | Reached skill level 1 in Fighting
  1481 | D:2      | Reached skill level 1 in Armour
  1696 | D:2      | Noticed Robin
  1940 | D:1      | Reached XP level 4. HP: 17/25 MP: 8/13
  2396 | D:2      | Killed Robin
  2807 | D:3      | Found a faded altar of an unknown god.
  3014 | D:3      | Found an ancient bone altar of Kikubaaqudgha.
  3130 | D:3      | Found a shimmering altar of Xom.
  3732 | D:4      | Noticed Duvessa
  4018 | D:4      | Reached skill level 1 in Shields
  4018 | D:4      | Reached skill level 6 in Spellcasting
  4018 | D:4      | Reached XP level 5. HP: 29/29 MP: 5/15
  4123 | D:4      | Found a shadowy altar of Dithmenos.
  4136 | D:4      | Noticed Ijyb
  4144 | D:4      | Killed from afar by Ijyb

Illustrated notes

Levels and vault maps discovered:
D:1:      saegor_arrival_simple_c, layout_rooms
D:2:      layout_rooms, uniq_robin
D:3:      layout_loops_cross, xom_teletrap_fun,
          mainiacjoe_overflow_small_starburst,
          dreamdust_ecumenical_altar_statues
D:4:      layout_loops_corners, mainiacjoe_overflow_alcove_1,
          okawaru_altar_gauntlet_db, lemuel_round_altar, uniq_pikel, uniq_ijyb,
          uniq_duvessa

Skill      XL: |  1  2  3  4 |
---------------+-------------+-----
Spellcasting   | 5 6 |  6.1
Fighting       | 1 |  1.0
Conjurations   | 2 |  2.6
Armour         | 1 |  1.0
Dodging        | 3 |  3.1
Shields        | 1 |  1.0
Stealth        | |  2.4
Summonings     | |  1.1
Translocations | |  1.1

Action                   |  1- 3 |  4- 6 || total
-------------------------+-------+-------++-------
Melee: Mace              |     1 |     8 ||     9
 Cast: Magic Dart        |   125 |    89 ||   214
       Mephitic Cloud    |       |     1 ||     1
       Call Imp          |       |     1 ||     1
       Conjure Flame     |       |     1 ||     1
Armor: Robe              |     2 |       ||     2
       Leather armour    |     6 |    15 ||    21
Dodge: Dodged            |    18 |    33 ||    51

Table legend: (Time is in decaauts)
 A = Elapsed time spent in this place.
 B = Non-inter-level travel time spent in this place.
 C = Inter-level travel time spent in this place.
 D = Time resting spent in this place.
 E = Time spent auto-exploring this place.
 F = Levels seen in this place.
 G = Mean time per level.
                   A        B        C        D        E       F      G
               +--------+--------+--------+--------+--------+-----+--------+
         Total |   4152 |   4056 |     96 |    476 |   3043 |   4 | 1038.0 |
       Dungeon |   4152 |   4056 |     96 |    476 |   3043 |   4 | 1038.0 |
               +--------+--------+--------+--------+--------+-----+--------+

Top non-repeatable levels by time:
     D:1: 1732 daAuts
     D:3: 1179 daAuts
     D:2: 1080 daAuts
     D:4: 159 daAuts
